Workbook
Name IQ_CH: 110000
Name IQ_CQ: 5000
Name IQ_CY: 10000
Name IQ_DAILY: 500000
Name IQ_FH: 100000
Name IQ_FQ: 500
Name IQ_FY: 1000
Name IQ_LTM: 2000
Name IQ_MONTH: 15000
Name IQ_NTM: 6000
Name IQ_WEEK: 50000
Name IQ_YTD: 3000

Sheet WACC
B2: WACC Calculation
B3: Amazon.com, Inc. (AMZN)
B5: in EUR'mil
B7: Name | D7: Currency | E7: Ticker | G7: Index | H7: Beta (5Y Monthly) | I7: Total debt (mil.) | J7: Market cap (mil.) | K7: Total debt/ market cap | L7: 4Yr Average tax rate | M7: Unlevered beta
A8: 1 | B8: Costco Wholesale (NASDAQ:COST) | D8: USD | E8: COST | G8: NASDAQ | H8: 0.75 | I8: 8780 | J8: 124160 | K8: =I8/J8 -> 0.070715206 | L8: =COST!E12 -> 0.2946283 | M8: =H8/(1+((1-L8)*K8)) -> 0.71436701
A9: 2 | B9: Target (NYSE:TGT) | D9: USD | E9: TGT | G9: NYSE | H9: 0.65 | I9: 13970 | J9: 56120 | K9: =I9/J9 -> 0.24893086 | L9: =TGT!E12 -> 0.2366338 | M9: =H9/(1+((1-L9)*K9)) -> 0.54620683
A10: 3 | B10: Alphabet (NASDAQ:GOOG) | D10: USD | E10: GOOG | G10: NASDAQ | H10: 1.05 | I10: 15970 | J10: 921140 | K10: =I10/J10 -> 0.017337213 | L10: =GOOG!E12 -> 0.24519074 | M10: =H10/(1+((1-L10)*K10)) -> 1.0364369
A11: 4 | B11: Microsoft (NASDAQ:MSFT) | D11: USD | E11: MSFT | G11: NASDAQ | H11: 0.96 | I11: 87150 | J11: 1200000 | K11: =I11/J11 -> 0.072625 | L11: =MSFT!E12 -> 0.22025539 | M11: =H11/(1+((1-L11)*K11)) -> 0.90854978
A12: 5 | B12: Netflix (NASDAQ:NFLX) | D12: USD | E12: NFLX | G12: NASDAQ | H12: 1.03 | I12: 16370 | J12: 141980 | K12: =I12/J12 -> 0.11529793 | L12: =NFLX!E12 -> 0.059713339 | M12: =H12/(1+((1-L12)*K12)) -> 0.92925643
A13: 6 | B13: Etsy (NASDAQ:ETSY) | D13: USD | E13: ETSY | G13: NASDAQ | H13: 1.01 | I13: 873 | J13: 5240000 | K13: =I13/J13 -> 0.00016660305 | L13: 0 | M13: =H13/(1+((1-L13)*K13)) -> 1.0098318
G15: High | H15: =MAX(H8:H13) -> 1.05 | K15: =MAX(K8:K13) -> 0.24893086 | L15: =MAX(L8:L13) -> 0.2946283 | M15: =MAX(M8:M13) -> 1.0364369
G16: Low | H16: =MIN(H8:H13) -> 0.65 | K16: =MIN(K8:K13) -> 0.00016660305 | L16: =MIN(L8:L13) -> 0 | M16: =MIN(M8:M13) -> 0.54620683
G17: Mean | H17: =AVERAGE(H8:H13) -> 0.90833333 | K17: =AVERAGE(K8:K13) -> 0.087512136 | L17: =AVERAGE(L8:L13) -> 0.17607026 | M17: =AVERAGE(M8:M13) -> 0.85744145
G18: Median | H18: =MEDIAN(H8:H13) -> 0.985 | K18: =MEDIAN(K8:K13) -> 0.071670103 | L18: =MEDIAN(L8:L13) -> 0.2284446 | M18: =MEDIAN(M8:M13) -> 0.9189031
B20: Cost of debt calculation
B21: Debt borrowing rate | G21: =AMZN!E15 -> 0.020634511
B22: Expected income tax rate | G22: =L18 -> 0.2284446
B23: After-tax cost of debt | G23: =G21*(1-G22) -> 0.015920669
B25: Cost of equity calculation
B26: Selected asset beta | G26: =M18 -> 0.9189031
B27: Total debt / Market cap | G27: =K18 -> 0.071670103
B28: Expected income tax rate (4Yr Average) | G28: =L18 -> 0.2284446
B29: Risk-free rate: | G29: 0.0076
B30: Relevered beta | G30: =G26*(1+(1-G28)*G27) -> 0.9697161
B31: Equity market risk premium | G31: 0.0601
B32: Country specific risk premium | G32: 0
B33: Cost of equity capital | G33: =G29+G30*G31+G32 -> 0.065879938
B35: Weighted Average Cost of Capital
B36: Debt | C36: Weight | D36: =1-D37 -> 0.06687702 | E36: Cost of debt | F36: =G23 -> 0.015920669 | G36: =D36*F36 -> 0.0010647269
B37: Equity | C37: Weight | D37: =1/(1+G27) -> 0.93312298 | E37: Cost of equity | F37: =G33 -> 0.065879938 | G37: =D37*F37 -> 0.061474084
B38: WACC | G38: =SUM(G36:G37) -> 0.062538811
B39: WACC (Rounded) | G39: =IFERROR(MROUND(G38,0.1%),"n/a") -> 0.063

Sheet AMZN
B2: NASDAQ:AMZN
B3: Amazon.com
B5: in USD'000
B7: Period | C7: Income Before Tax | D7: Income Tax Expense | E7: Tax
B8: 12/30/2019 | C8: 13976000 | D8: 2374000 | E8: =D8/C8 -> 0.16986262
B9: 12/30/2018 | C9: 11261000 | D9: 1197000 | E9: =D9/C9 -> 0.10629607
B10: 12/30/2017 | C10: 3806000 | D10: 769000 | E10: =D10/C10 -> 0.2020494
B11: 12/30/2016 | C11: 3892000 | D11: 1425000 | E11: =D11/C11 -> 0.36613566
D12: Average Tax % | E12: =AVERAGE(E8:E11) -> 0.21108594
B14: Period | C14: Interest Expense | D14: Debt | E14: Rate
B15: 12/30/2019 | C15: 1600000 | D15: 77540000 | E15: =C15/D15 -> 0.020634511

Sheet COST
B2: NASDAQ:COST
B3: Costco Wholesale
B5: in USD'000
B7: Period | C7: Income Before Tax | D7: Income Tax Expense | E7: Tax
B8: 8/30/2019 | C8: 4765000 | D8: 1061000 | E8: =D8/C8 -> 0.22266527
B9: 8/30/2018 | C9: 4442000 | D9: 1263000 | E9: =D9/C9 -> 0.28433138
B10: 8/30/2017 | C10: 4039000 | D10: 1325000 | E10: =D10/C10 -> 0.3280515
B11: 8/30/2016 | C11: 3619000 | D11: 1243000 | E11: =D11/C11 -> 0.34346505
D12: Average Tax % | E12: =AVERAGE(E8:E11) -> 0.2946283

Sheet TGT
B2: NYSE:TGT
B3: Target
B5: in USD'000
B7: Period | C7: Income Before Tax | D7: Income Tax Expense | E7: Tax
B8: 1/30/2020 | C8: 4190000 | D8: 921000 | E8: =D8/C8 -> 0.21980907
B9: 1/30/2019 | C9: 3676000 | D9: 746000 | E9: =D9/C9 -> 0.20293798
B10: 1/30/2018 | C10: 3646000 | D10: 718000 | E10: =D10/C10 -> 0.19692814
B11: 1/30/2017 | C11: 3965000 | D11: 1296000 | E11: =D11/C11 -> 0.32686003
D12: Average Tax % | E12: =AVERAGE(E8:E11) -> 0.2366338

Sheet GOOG
B2: NASDAQ:GOOG
B3: Alphabet
B5: in USD'000
B7: Period | C7: Income Before Tax | D7: Income Tax Expense | E7: Tax
B8: 12/30/2019 | C8: 39625000 | D8: 5282000 | E8: =D8/C8 -> 0.13329968
B9: 12/30/2018 | C9: 34913000 | D9: 4177000 | E9: =D9/C9 -> 0.11964025
B10: 12/30/2017 | C10: 27193000 | D10: 14531000 | E10: =D10/C10 -> 0.53436546
B11: 12/30/2016 | C11: 24150000 | D11: 4672000 | E11: =D11/C11 -> 0.19345756
D12: Average Tax % | E12: =AVERAGE(E8:E11) -> 0.24519074

Sheet MSFT
B2: NASDAQ:MSFT
B3: Microsoft
B5: in USD'000
B7: Period | C7: Income Before Tax | D7: Income Tax Expense | E7: Tax
B8: 6/29/2019 | C8: 43688000 | D8: 4448000 | E8: =D8/C8 -> 0.10181285
B9: 6/29/2018 | C9: 36474000 | D9: 19903000 | E9: =D9/C9 -> 0.54567637
B10: 6/29/2017 | C10: 23149000 | D10: 1945000 | E10: =D10/C10 -> 0.084020908
B11: 6/29/2016 | C11: 19751000 | D11: 2953000 | E11: =D11/C11 -> 0.14951142
D12: Average Tax % | E12: =AVERAGE(E8:E11) -> 0.22025539

Sheet NFLX
B2: NASDAQ:NFLX
B3: Netflix
B5: in USD'000
B7: Period | C7: Income Before Tax | D7: Income Tax Expense | E7: Tax
B8: 12/30/2019 | C8: 2062231 | D8: 195315 | E8: =D8/C8 -> 0.094710534
B9: 12/30/2018 | C9: 1226458 | D9: 15216 | E9: =D9/C9 -> 0.012406458
B10: 12/30/2017 | C10: 485321 | D10: -73608 | E10: =D10/C10 -> -0.15166869
B11: 12/30/2016 | C11: 260507 | D11: 73829 | E11: =D11/C11 -> 0.28340505
D12: Average Tax % | E12: =AVERAGE(E8:E11) -> 0.059713339

Sheet ETSY
B2: NASDAQ:ETSY
B3: Etsy
B5: in USD'000
B7: Period | C7: Income Before Tax | D7: Income Tax Expense | E7: Tax
B8: 12/30/2019 | C8: 80646 | D8: -15248 | E8: =D8/C8 -> -0.18907323
B9: 12/30/2018 | C9: 55078 | D9: -22413 | E9: =D9/C9 -> -0.40693199
B10: 12/30/2017 | C10: 32265 | D10: -49535 | E10: =D10/C10 -> -1.5352549
B11: 12/30/2016 | C11: -2876 | D11: 27025 | E11: =D11/C11 -> -9.3967316
D12: Average Tax % | E12: =AVERAGE(E8:E11) -> -2.8819979
